 Dungeon Crawl Stone Soup version 0.25-a0-21-ga5a8db46c7 (webtiles) character file.

Game seed: 6953032201899034407, levelgen mode: deterministic

1010 Arixos the Skirmisher (level 8, -3/61 HPs)
             Began as a Demonspawn Gladiator on Oct 15, 2019.
             Was a Follower of Okawaru.
             Killed from afar by an electric eel (5 damage)
             ... with a bolt of electricity
             ... on level 6 of the Dungeon.
             The game lasted 00:20:33 (5264 turns).

Arixos the Skirmisher (Demonspawn Gladiator)        Turns: 5264, Time: 00:20:34

Health: -3/61      AC: 14    Str: 16    XL:     8   Next: 1%
Magic:  0/8        EV:  3    Int: 16    God:    Okawaru [*.....]
Gold:   156        SH: 12    Dex: 14    Spells: 7/7 levels left

rFire    . . .     SeeInvis .   b - +2 whip (elec)
rCold    . . .     Gourm    .   d - +0 shield
rNeg     . . .     Faith    .   g - +0 plate armour
rPois    .         Spirit   +   c - +0 helmet
rElec    .         Reflect  +   q - +0 cloak
rCorr    +         Harm     .   (no gloves)
MR       .....                  (no boots)
Stlth    ..........             y - +3 amulet of reflection
HPRegen  0.20/turn              m - ring of wizardry
MPRegen  0.22/turn              F - ring of resist corrosion

@: brilliant
A: claws 1, powered by death 1, magic shield, magic regeneration
a: Heroism, Renounce Religion


You were on level 6 of the Dungeon.
You worshipped Okawaru.
Okawaru was aware of your devotion.
You were very hungry.

You visited 2 branches of the dungeon, and saw 7 of its levels.

You collected 156 gold pieces.

Inventory:

Hand Weapons
 b - a +2 whip of electrocution (weapon)
Missiles
 j - a poisoned dart (quivered)
 D - 3 atropa-tipped darts
Armour
 c - a +0 helmet (worn)
 d - a +0 shield (worn)
 g - a +0 plate armour (worn)
 q - a +0 cloak (worn)
Jewellery
 m - a ring of wizardry (left claw)
 y - a +3 amulet of reflection (around neck)
 z - an uncursed ring of flight
 F - a ring of resist corrosion (right claw)
Wands
 u - a wand of clouds (4)
 G - a wand of polymorph (6)
 H - a wand of random effects (20)
Scrolls
 e - 3 scrolls of amnesia {unknown}
 h - 6 scrolls of identify
 i - 2 scrolls of fog {unknown}
 k - 3 scrolls of teleportation {unknown}
 p - 3 scrolls of remove curse {unknown}
 r - a scroll of random uselessness {unknown}
 s - a scroll of fear {unknown}
 t - 2 scrolls of magic mapping {unknown}
 x - a scroll of enchant armour {unknown}
 A - a scroll of enchant weapon {unknown}
 B - a scroll of noise {unknown}
Potions
 a - a potion of ambrosia {unknown}
 f - a potion of lignification {unknown}
 l - a potion of heal wounds {unknown}
 n - a potion of brilliance
 o - 3 potions of curing
 w - a potion of might {unknown}
 C - a potion of agility {unknown}
 E - a potion of berserk rage {unknown}
Comestibles
 v - 5 rations


   Skills:
 + Level 4.8 Fighting
 - Level 4.2(4.6) Maces & Flails
   Level 2.6(3.8) Staves
 - Level 1.7 Throwing
 + Level 3.9 Armour
 - Level 3.1 Dodging
 + Level 3.5 Shields
 * Level 0.0 Unarmed Combat


You had 7 spell levels left.
You didn't know any spells.
Your spell library contained the following spells:

 Spells                   Type           Power        Failure   Level  Hunger
 Beastly Appendage        Tmut           #.....       98%         1    ##.....
 Sticks to Snakes         Tmut           #.......     99%         2    ###....
 Spider Form              Tmut/Pois      #.........   100%        3    ####...
 Ice Form                 Ice/Tmut       #.......     100%        4    #####..
 Blade Hands              Tmut           #.........   100%        5    ######.


Dungeon Overview and Level Annotations

Branches:
Dungeon (6/15)             Temple (1/1) D:4

Altars:
Ashenzari
Dithmenos
Elyvilon
Fedhas
Gozag
Hepliaklqana
Makhleb
Okawaru
Qazlal
Sif Muna
Uskayaw
Xom
Yredelemnul
The Shining One

Annotations:
D:6 Blork the orc


Innate Abilities, Weirdness & Mutations

You have sharp fingernails.
You regenerate a little health from kills.
When hurt, damage is shared between your health and your magic reserves.
You regenerate magic rapidly.


Message History

* * * LOW HITPOINT WARNING * * *
The bolt of electricity hits the plant!
The howler monkey hoots and howls with incredible vigour!
You hit the howler monkey.
The howler monkey is moderately wounded.
You block the howler monkey's attack.
The electric eel shoots out a bolt of lightning at you!
The bolt of electricity hits you!
* * * LOW HITPOINT WARNING * * *
It was a potion of curing.
You feel better.
The howler monkey hits you but does no damage.
The electric eel shoots out a bolt of lightning at you!
The bolt of electricity hits you.
* * * LOW HITPOINT WARNING * * *
The howler monkey hits you but does no damage.
It was a potion of brilliance.
You feel clever all of a sudden.
The electric eel shoots out a bolt of lightning at you!
The bolt of electricity hits you.
You die...

# #.......#P≈.≈≈≈≈P. ##
##.........P≈≈≈≈≈≈.#
.###...........≈≈≈≈≈≈.##
..##...........≈≈≈≈≈≈P..
#.##..........♣≈.≈≈≈...#
##.#............≈Z..≈.?#
##............P≈.≈≈≈♣.#
#............hP;≈≈P..#
##............@P.P..#
##............#..###
##.........###.##
#.........# #
##.......## #......##
##.....# .......#
#####....


You could see a howler monkey, an electric eel and a centaur skeleton.

Vanquished Creatures
  A water moccasin (D:6)
  A phantom (D:4)
  A sky beast (D:5)
  An ogre (D:5)
  A scorpion (D:4)
  A howler monkey (D:5)
  3 crimson imps (D:5)
  A hound (D:5)
  4 worker ants
  A hound skeleton (D:5)
  12 gnolls
  8 adders
  3 shadow imps
  An ooze (D:3)
  2 worms
  2 dart slugs
  A leopard gecko (D:3)
  6 orcs
  7 bats
  6 giant cockroaches
  7 hobgoblins
  12 jackals
  2 quokkas
  4 frilled lizards
  6 goblins
  10 kobolds
  A leopard gecko skeleton (D:4)
  A quokka skeleton (D:4)
  10 rats
116 creatures vanquished.

Vanquished Creatures (others)
  An orc (D:5)
1 creature vanquished.

Grand Total: 117 creatures vanquished

Notes
Turn   | Place    | Note
-------+----------+-------------------------------------------
     0 | D:1      | Arixos the Demonspawn Gladiator began the quest for the
                  | Orb.
     0 | D:1      | Reached XP level 1. HP: 16/16 MP: 1/1
    83 | D:1      | Gained mutation: When hurt, damage is shared between your
                  | health and your magic reserves. [demonic ancestry]
    83 | D:1      | Reached XP level 2. HP: 15/22 MP: 2/2
   306 | D:1      | Reached skill level 1 in Armour
   611 | D:2      | Gained mutation: You regenerate a little health from kills.
                  | [demonic ancestry]
   611 | D:2      | Reached XP level 3. HP: 25/28 MP: 3/3
   988 | D:2      | Reached XP level 4. HP: 34/34 MP: 2/4
  1092 | D:2      | Reached skill level 1 in Shields
  1759 | D:2      | Reached XP level 5. HP: 40/41 MP: 5/5
  2099 | D:3      | Found a stormy altar of Qazlal.
  2210 | D:3      | Reached skill level 1 in Maces & Flails
  2260 | D:3      | Found a white marble altar of Elyvilon.
  2337 | D:3      | Found a basalt altar of Yredelemnul.
  2820 | D:4      | Reached XP level 6. HP: 48/48 MP: 6/6
  3138 | D:4      | Found a staircase to the Ecumenical Temple.
  3153 | Temple   | Entered the Ecumenical Temple
  3354 | Temple   | Became a worshipper of Warmaster Okawaru
  3460 | D:4      | Found a stormy altar of Qazlal.
  3599 | D:4      | Found a shimmering blue altar of Sif Muna.
  3752 | D:5      | Entered Level 5 of the Dungeon
  3841 | D:5      | Gained mutation: You regenerate magic rapidly. [demonic
                  | ancestry]
  3841 | D:5      | Reached XP level 7. HP: 21/54 MP: 2/7
  4220 | D:5      | Found Ampunum's Distillery.
  4513 | D:5      | Found a shimmering altar of Xom.
  4572 | D:5      | Reached * piety under Okawaru
  5069 | D:6      | Noticed Blork the orc
  5220 | D:6      | Gained mutation: You have sharp fingernails. [demonic
                  | ancestry]
  5220 | D:6      | Reached XP level 8. HP: 61/61 MP: 8/8
  5262 | D:6      | HP: 1/61 [electric eel/bolt of electricity (11)]
  5264 | D:6      | Killed from afar by an electric eel

Levels and vault maps discovered:
D:1:      nicolae_arrival_memento_mori, layout_rooms
D:2:      layout_basic, grunt_ministairs_5, serial_bayou_pond_d
D:3:      layout_loops_ring, nicolae_overflow_crystal_walls, lemuel_round_altar,
          old_standard_altar
D:4:      layout_cave_pods, lemuel_blue_sif_altar,
          minmay_temple_entry_statues_pillars, nicolae_qazlal_eye_of_the_storm
D:5:      layout_loops_corners, first_ration, serial_shops, shop, led_xom_imps
D:6:      layout_cave_pods, serial_bayou_pond_b, corexii_hall_statues_x,
          cheibrodos_worm_habitat, uniq_blork_the_orc
Temple:   dpeg_chambers_temple

Skill      XL: |  1  2  3  4  5  6  7 |
---------------+----------------------+-----
Dodging        | 3 |  3.1
Armour         | 1 2 3 |  3.9
Shields        | 1 2 3 |  3.5
Fighting       | 3 4 |  4.8
Maces & Flails | 1 2 4 |  4.2
Staves         | |  2.6
Throwing       | |  1.7

Action                   |  1- 3 |  4- 6 |  7- 9 || total
-------------------------+-------+-------+-------++-------
Melee: Quarterstaff      |    89 |       |       ||    89
       Long sword        |    61 |    52 |       ||   113
       Whip              |       |   201 |   122 ||   323
  Use: Scroll            |       |       |     1 ||     1
       Potion            |       |       |     2 ||     2
  Eat: Chunk             |     1 |     6 |     3 ||    10
       Ration            |       |     1 |       ||     1
Armor: Leather armour    |    16 |       |       ||    16
       Plate armour      |    92 |   155 |    54 ||   301
Dodge: Dodged            |    65 |    13 |     9 ||    87
Block: Shield            |    26 |    90 |    57 ||   173
       Reflection        |       |     1 |     1 ||     2
       Rpst.: Long sword |     5 |       |       ||     5

Table legend:
 A = Non-vault XP
 B = Vault XP
 C = Vault XP percentage of total XP
 D = Non-vault monster count
 E = Vault monster count
 F = Vault count percentage of total count
                 A         B        C        D         E       F
            +---------+---------+-------+---------+---------+-------
      Total |    1289 |     154 |  10.7 |     112 |       5 |   4.3
            +---------+---------+-------+---------+---------+-------
        D:1 |      75 |       0 |   0.0 |      23 |       0 |   0.0
        D:2 |     142 |       4 |   2.7 |      26 |       2 |   7.1
        D:3 |     131 |       0 |   0.0 |      33 |       0 |   0.0
        D:4 |     273 |       0 |   0.0 |      12 |       0 |   0.0
        D:5 |     484 |     150 |  23.7 |      16 |       3 |  15.8
        D:6 |     184 |       0 |   0.0 |       2 |       0 |   0.0
            +---------+---------+-------+---------+---------+-------
